Map: Invader LE

Players

Forsaken - Winner!

  • Race: Zerg Zerg
  • League: Platinum

blackxored

  • Race: Zerg Zerg
  • League: Diamond

VOD

Have the link to the VOD?

Description

Time

  • Played on: July 3, 2016, 7:51 a.m.
  • Length: 9:32
Show
View Real Time Build Order
Export as new Build Order

Forsaken Zerg - Winner!

Build Orders: Pool First, Zergling Baneling 

Get SALT Encoding   

  12  0:01  Drone  
  13  0:09  Drone  
  14  0:15  Extractor  
  14  0:16  Drone  
  14  0:33  Spawning Pool  
  13  0:40  Overlord  
  13  0:46  Drone  
  14  0:59  Drone  
  15  1:06  Drone  
  16  1:20  Metabolic Boost, Zergling x4  
  16  1:24  Zergling x2  
  19  1:32  Queen  
  19  1:37  Zergling x2  
  22  1:46  Baneling Nest  
  21  1:51  Overlord  
  21  1:57  Zergling x2  
  22  2:11  Zergling x2  
  23  2:18  Zergling x2  
  24  2:30  Zergling x2  
  25  2:43  Zergling x8  
  29  2:46  Baneling x2  
  29  2:55  Zergling x2  
  29  3:16  Zergling x4  
  25  3:23  Baneling x2  
  25  3:24  Zergling x2  
  25  3:25  Zergling x2  
  27  3:29  Zergling x2  
  27  3:37  Hatchery  
  26  3:42  Baneling x2  
  26  3:45  Zergling x2  
  26  3:46  Zergling x2  
  25  4:00  Zergling x8  
  29  4:09  Drone  
  29  4:22  Baneling  
  29  4:23  Baneling x3  
  29  4:29  Overlord x2  
  24  5:00  Drone x2  
  24  5:01  Drone x2  
  24  5:04  Overlord  
  24  5:05  Zergling x6  
  31  5:12  Baneling  
  30  5:24  Baneling x2  
  30  5:26  Lair  
  30  5:27  Drone  
  30  5:28  Drone x2  
  33  5:29  Extractor  
  31  5:48  Drone x5  
  31  5:49  Drone  
  37  5:54  Overlord  
  37  6:03  Drone x2  
  39  6:09  Drone  
  39  6:10  Drone x2  
  42  6:26  Drone x4  
  42  6:30  Spire  
  42  6:32  Zergling x2  
  45  6:39  Spine Crawler  
  44  6:48  Zergling x8  
  44  6:49  Zergling x2  
  45  6:56  Zergling x2  
  44  7:02  Zergling x4  
  45  7:15  Zergling x4, Spine Crawler  
  46  7:21  Extractor, Baneling x2  
  45  7:23  Extractor, Baneling  
  45  7:27  Baneling  
  45  7:28  Baneling  
  45  7:29  Drone x2  
  46  7:30  Queen  
  48  7:49  Zergling x2  
  48  7:50  Zergling x4  
  50  7:53  Baneling x2  
  50  8:08  Mutalisk x2  
  50  8:09  Mutalisk  
  55  8:15  Overlord x2  
  49  8:27  Mutalisk  
  49  8:33  Mutalisk  
  53  8:39  Mutalisk  
  55  8:59  Zergling x6  
  55  9:00  Zergling x4, Mutalisk x2  
  63  9:15  Baneling x3  
Show
View Real Time Build Order
Export as new Build Order

blackxored Zerg 

Build Orders: Pool First, Zergling Baneling 

Get SALT Encoding   

  12  0:01  Drone  
  13  0:10  Drone  
  14  0:16  Extractor  
  14  0:19  Drone  
  14  0:34  Spawning Pool  
  13  0:36  Drone  
  14  0:46  Overlord  
  14  0:51  Extractor  
  14  0:52  Drone  
  15  1:06  Drone x2  
  15  1:10  Drone  
  18  1:21  Queen  
  20  1:25  Metabolic Boost  
  20  1:29  Zergling x2  
  21  1:33  Drone  
  22  1:49  Overlord  
  22  2:02  Hatchery  
  21  2:09  Baneling Nest  
  21  2:11  Drone  
  21  2:14  Zergling x2  
  22  2:18  Zergling x2  
  23  2:28  Hatchery  
  22  2:32  Zergling x2  
  23  2:39  Zergling x8  
  27  2:53  Baneling x2  
  27  2:54  Baneling, Spine Crawler  
  27  2:55  Baneling  
  27  2:57  Zergling x2  
  27  3:05  Evolution Chamber  
  19  3:21  Baneling  
  19  3:26  Zergling x4  
  19  3:27  Zergling x2  
  22  3:35  Baneling x2  
  22  3:36  Baneling  
  22  3:41  Queen  
  21  3:42  Zergling x2  
  23  4:16  Zergling x6  
  26  4:19  Zerg Melee Weapons Level 1  
  25  4:28  Baneling  
  24  4:42  Baneling  
  23  4:58  Zergling x2  
  23  4:59  Zergling x8  
  21  5:27  Baneling x3  
  21  5:29  Zergling x10  
  26  5:49  Baneling  
  26  5:50  Zergling x2  
  27  6:06  Zergling x4  
  29  6:12  Zergling x2  
  30  6:23  Overlord  
  30  6:37  Overlord  
  21  7:05  Zergling x12  
  25  7:20  Baneling  
  25  7:21  Baneling x2  
  25  7:25  Zergling x8  
  29  7:33  Zergling x2  
  29  7:50  Baneling x4  
  25  8:10  Baneling x2  
  19  8:13  Zergling x6  
  19  8:14  Zergling x2  
  21  8:21  Zergling x6  
  24  8:32  Zergling x2  
  24  8:37  Zergling x2  
  25  8:50  Zergling x6  
  28  9:00  Zergling x2  
  27  9:03  Baneling  
  27  9:04  Baneling x3  
  27  9:12  Zergling x2  
  28  9:19  Spore Crawler  
Tags
 
Add a new tag
Caveats
  • Supply blocks, unpowered buildings, or Contaminate may cause inaccurate times.
  • Supply counts are checked every 10 seconds.